← All builds
Air / Armada / Economy first / OBSERVED BUILD

Standard air

The typical Armada Air build: an early Aircraft Plant, transports and scouts made for the team, an Advanced Metal Extractor and Fusion Reactor for eco, transitioning into fighters and later Highwinds or gunships to protect allies and…

Usually transports first (64%)

#eco #air #team support · 63 distinct matches · 31 players · 74% of Armada Air games · team won 42% of 64 · Recently observed

HOW TO PLAY IT

Key timing: Aircraft Plant by 1:30

  1. Take 3 mex and open straight into wind.
  2. Get the aircraft plant up fast to start fighter production.
  3. Add an advanced mex to fund the air spam.
  4. Bring fusion online to sustain heavier air numbers.
  5. Mix in Highwind and Banshee alongside fighter spam for escorts.

Phase by phase

TYPICAL OF ITS 63 GAMES
  1. 1
  2. 2
  3. 3
PLAY THE OPENING

Follow the example game's first 6:00 step by step: what to build now, what comes next, and where it goes. At 1× it keeps pace with your own game.

  1. 1

    Up to the Aircraft Plant

    Economy
    • Metal Extractor3Mex
    • Wind Turbine5Wind
    • Energy Storage1Energy storage
    Order
    1. Aircraft PlantAircraft Plant after 3 mex, 5 wind, 1 energy storagedone ~1:30, middle half 1:15–1:44

    By 1:12 in all: 3 mex · 5 wind · 1 energy storage

    The example game in this phase · 5 steps
    1. Mex ×3
    2. Wind ×4
    3. Energy storage
    4. Wind ×4
    5. Aircraft PlantAircraft Plantdone 1:53 · typical 1:30
  2. 2

    Aircraft Plant to 5:00

    Economy
    • Metal Extractor1Mex
    • Wind Turbine13Wind
    Builders
    • Construction Turret2 Con turret
    • Construction Aircraft1 Con aircraft
    Army
    • Falcon6 Fighter
    • Stork2 Light transport for allies
    • Blink2 Scout plane for allies
    • Blink1 Scout plane
    • Osprey1 Heavy transport for allies

    Some games also: converter (44%) · banshee (39%) · light transport (39%) · energy storage (34%)

    By 5:00 in all: 4 mex · 17 wind · 1 energy storage · 2 con turret

    The example game in this phase · 15 steps
    1. BansheeBanshee ×2
    2. BlinkScout planefor Geo sea
    3. StorkLight transportfor Geo sea
    4. BlinkScout planefor Beach sea
    5. OspreyHeavy transportfor Beach sea
    6. Mex
    7. FalconFighter ×4
    8. Con turret ×2
    9. StorkLight transportfor Tech
    10. Wind ×7
    11. StorkLight transport
    12. FalconFighter
    13. Wind ×2
    14. StorkLight transportfor Tech
    15. Wind
  3. 3

    5:00 to 10:00

    Economy
    • Wind Turbine30Wind
    • Energy Converter9Converter
    Order
    1. Aircraft PlantAircraft Plant after 33 wind, 6 converter, 5 con turretin 63% of games
    Builders
    • Construction Turret4 Con turret
    Army
    • Falcon8 Fighter

    Some games also: con aircraft (45%) · fusion (42%) · energy storage (33%)

    By 10:00 in all: 4 mex · 47 wind · 10 converter · 1 energy storage · 6 con turret

    The example game in this phase · 60 steps
    1. Wind ×2
    2. StorkLight transportfor Tech
    3. Wind ×2
    4. FalconFighter
    5. Wind
    6. FalconFighter
    7. Wind ×2
    8. Advanced Metal ExtractorT2 mexdone 6:34 · typical 6:48
    9. FalconFighter
    10. Wind ×6
    11. Advanced Metal ExtractorT2 mex ×2
    12. Energy storage
    13. Advanced solar ×4
    14. Con turret ×2
    15. Advanced Metal ExtractorT2 mex
    16. Con turret ×2
    17. Aircraft PlantAircraft Plantdone 8:48
    18. FalconFighter ×8
    19. Converter
    20. FalconFighter
    21. Converter
    22. FalconFighter
    23. Converter
    24. FalconFighter ×2
    25. Converter
    26. FalconFighter
    27. OspreyHeavy transportfor Suicide front
    28. OspreyHeavy transport
    29. FalconFighter
    30. Advanced solar
    31. FalconFighter ×2
    32. BlinkScout plane
    33. Converter
    34. StorkLight transportfor Beach sea
    35. Converter
    36. FalconFighter
    37. Converter
    38. FalconFighter ×2
    39. Converter
    40. FalconFighter ×3
    41. Advanced solar
    42. FalconFighter ×2
    43. Advanced solar
    44. FalconFighter
    45. Con turret ×2
    46. FalconFighter
    47. Con turret
    48. FalconFighter ×10
    49. Con turret ×3
    50. FalconFighter
    51. Con turret ×2
    52. Construction AircraftCon aircraft
    53. Advanced Aircraft PlantAdvanced Aircraft Plantdone 12:44
    54. LicheLichenot finished by 15:00
    55. OracleOracle
    56. AbductorAbductorfor Beach sea
    57. LicheLiche
    58. OracleOracle
    59. HighwindHighwind ×13
    60. Fusion ReactorFusionnot finished by 15:00 · typical 9:55

Counts are medians over the build's games: half of them build more, half fewer. The example game is Leohvm's (50 OS, 29/08/2026); pick another.

Team trades

IN AT LEAST 30% OF ITS GAMES

You hand over

  • Blink2 Scout plane to Geo sea or Beach seafirst at 1:56 · in 86% of games
  • Stork3 Light transport to Tech or Geo seafirst at 2:13 · in 89% of games
  • Osprey1 Heavy transport to Beach sea or Pond or Techfirst at 2:28 · in 67% of games

You get

  • Wind Turbine2–3 Wind from Beach sea or Geo seafirst at 1:27 · in 38% of games
  • Wind Turbine3 Wind from Beach sea or Geo seafirst at 1:30 · in 53% of games
  • Construction Bot1 Con bot from Techfirst at 2:28 · in 66% of games
  • Advanced Construction Bot1 T2 con bot from Techfirst at 5:53 · in 84% of games

How it plays out

Typical game of this build, running totals by minute

Metal produced

010k20k30k
0:005:0010:0015:00

metal

Enemy metal destroyed

01k2k3k
0:005:0010:0015:00

metal

Own metal lost

01k2k3k
0:005:0010:0015:00

metal

64 games.

Show as table
ByMetal produced: This buildEnemy metal destroyed: This buildOwn metal lost: This build
1:0039100
2:0092100
3:00145400
4:0020405151
5:002788102125
6:003621211190
7:005139288263
8:006970367292
9:009134375318
10:0011575421352
11:0014215606460
12:0017193984755
13:001991516421165
14:002254619011852
15:002598022902764
WHAT THE NUMBERS SAY

Standard air has the lowest team win rate of the six builds despite decent metal production, suggesting air presence alone isn't deciding these games.

  • + Metal produced reaches 25980 by 15:00, second highest of the builds shown.
  • + First kill lands early at 3:42 in 99% of games.
  • − Team win rate is only 42%, the lowest among all standard builds.
  • − Own metal lost by 15:00 reaches 2764 despite fighters being the main army.
THE EXAMPLE YOU ARE READING

Leohvm

50.0 OS · 29/08/2026

Open source match ↗

8 received units · includes a constructor
648 metal received · 76751 energy received

Allied construction assistance is unknown. Timings are observations, not a promise of solo reproducibility.

Typical milestones

Aircraft Plant1:30Middle 50%: 1:15–1:44 · n=64
Advanced Metal Extractor6:48Middle 50%: 6:30–7:14 · n=57
Fusion Reactor9:55Middle 50%: 9:14–11:54 · n=40

Played most by

arcsiz7games of this buildLeohvm7games of this buildDad_The_Speedrunner4games of this buildkrtf4games of this build_X_3games of this build